Map: Ancient Cistern LE

Players

Kaeldghar - Winner!

  • Race: Zerg Zerg
  • League: Gold
  • Spawn Location: 1:00

shockux

  • Race: Terran Terran
  • League: Gold
  • Spawn Location: 7:00

VOD

Have the link to the VOD?

Description

Time

  • Played on: April 20, 2023, 5:35 a.m.
  • Length: 15:06
Show
View Real Time Build Order
Export as new Build Order

Kaeldghar Zerg - Winner!

Build Orders: Hatch First 

Get SALT Encoding   

  12  0:02  Drone  
  13  0:08  Drone  
  14  0:18  Extractor x2  
  14  0:19  Drone  
  13  0:22  Drone  
  13  0:27  Overlord  
  16  0:51  Hatchery  
  16  0:53  Drone  
  16  0:56  Drone  
  17  1:00  Drone  
  18  1:15  Spawning Pool  
  17  1:19  Drone  
  17  1:22  Drone  
  17  1:23  Extractor  
  18  1:28  Drone  
  19  1:40  Drone  
  20  1:50  Overlord  
  20  2:02  Zergling x2  
  20  2:07  Queen  
  23  2:09  Queen  
  23  2:11  Drone x2  
  23  2:15  Drone  
  28  2:26  Drone x2  
  30  2:31  Metabolic Boost  
  30  2:35  Drone  
  30  2:36  Drone  
  32  2:40  Roach Warren  
  31  2:45  Drone  
  31  2:50  Drone  
  33  3:00  Queen  
  34  3:10  Drone x2  
  35  3:15  Overlord  
  35  3:16  Overlord x2  
  35  3:22  Overlord  
  35  3:34  Drone  
  35  3:35  Drone x3  
  35  3:37  Drone  
  40  3:41  Hatchery  
  40  3:43  Drone x2  
  40  4:00  Extractor, Drone x2  
  40  4:01  Drone, Overlord x2  
  40  4:02  Overlord  
  42  4:04  Zergling x2  
  42  4:08  Zergling x2  
  44  4:20  Drone  
  44  4:23  Zergling x4  
  44  4:24  Zergling x8  
  51  4:42  Extractor  
  49  4:51  Zergling x2  
  49  4:52  Zergling x4  
  52  4:53  Zergling x4  
  52  4:55  Zergling x6  
  57  5:02  Drone x3  
  57  5:06  Queen  
  62  5:08  Drone x3  
  65  5:29  Drone x2  
  65  5:30  Extractor  
  65  5:31  Drone x2  
  65  5:34  Drone  
  65  5:35  Drone x7  
  76  5:36  Overlord  
  67  5:50  Roach  
  67  5:51  Roach  
  57  5:57  Zergling x4  
  57  5:59  Roach x2  
  61  6:08  Zergling x4  
  61  6:09  Zergling x2  
  60  6:29  Drone  
  60  6:30  Drone x6  
  67  6:50  Drone  
  67  6:51  Drone x5  
  73  6:58  Spawning Pool  
  70  7:25  Drone x9  
  79  7:46  Spore Crawler  
  79  7:50  Spore Crawler  
  77  7:51  Queen, Spore Crawler  
  77  7:54  Spore Crawler  
  77  7:56  Drone x3  
  80  7:58  Drone  
  80  7:59  Drone x3  
  80  8:00  Drone x5  
  80  8:03  Extractor  
  80  8:04  Extractor  
  87  8:10  Lair  
  87  8:21  Ravager  
  87  8:22  Ravager  
  87  8:24  Ravager  
  87  8:25  Roach  
  87  8:26  Roach x6  
  104  8:42  Queen  
  104  8:44  Hatchery  
  105  8:48  Overlord x3  
  105  8:49  Overlord x2  
  105  8:54  Drone  
  105  8:55  Overlord x2  
  106  9:12  Ravager  
  106  9:13  Ravager x2  
  106  9:15  Zergling x2  
  106  9:16  Zergling x4, Roach x2  
  106  9:17  Roach x3  
  109  10:14  Drone x2  
  109  10:16  Drone x3  
  114  10:21  Spire  
  114  10:27  Hydralisk Den  
  112  10:36  Drone x14  
  112  10:37  Drone x3  
  129  10:48  Glial Reconstitution  
  129  10:56  Extractor  
  128  10:57  Extractor  
  127  11:06  Overseer x2  
  127  11:11  Muscular Augments  
  127  11:32  Hydralisk  
  127  11:33  Hydralisk x7  
  127  11:34  Hydralisk x4  
  127  11:37  Mutalisk  
  127  11:38  Mutalisk x5  
  163  11:50  Zerg Flyer Weapons Level 1  
  163  11:55  Roach x2  
  163  11:56  Overlord  
  163  11:57  Overlord x8  
  167  12:18  Roach  
  167  12:19  Roach x8  
  167  12:22  Grooved Spines  
  152  12:49  Roach x3  
  152  12:50  Roach x9  
  165  13:06  Hydralisk  
  165  13:07  Hydralisk x5  
  167  13:17  Hatchery  
  167  13:18  Hydralisk x3  
  170  13:28  Hydralisk  
  170  13:29  Hydralisk x7  
  186  13:46  Evolution Chamber  
  186  13:48  Evolution Chamber  
  163  14:04  Hydralisk x6  
  163  14:05  Hydralisk x7  
  189  14:12  Corruptor x2  
  161  14:33  Hydralisk x6  
  166  14:58  Hatchery  
Show
View Real Time Build Order
Export as new Build Order

shockux Terran 

Build Orders:  

Get SALT Encoding   

  12  0:00  SCV  
  13  0:13  Supply Depot  
  13  0:18  SCV  
  14  0:30  SCV  
  15  0:40  Barracks  
  15  0:44  SCV  
  16  0:56  Refinery  
  16  1:11  SCV  
  16  1:16  Refinery  
  17  1:21  Barracks  
  17  1:23  SCV  
  18  1:35  SCV  
  19  1:48  SCV  
  20  2:01  Command Center  
  20  2:08  Reaper  
  21  2:18  Marine, Supply Depot  
  22  2:33  Factory  
  22  2:43  Marine  
  23  2:46  SCV  
  24  3:10  Barracks Reactor  
  23  3:20  Factory Tech Lab  
  23  3:22  Barracks  
  23  3:23  Starport  
  23  3:26  Orbital Command  
  23  3:52  Bunker  
  23  3:53  Marine x2  
  23  3:54  Siege Tank  
  28  4:02  SCV  
  29  4:09  Medivac  
  31  4:14  Barracks Tech Lab  
  31  4:21  Marine x2  
  33  4:28  Supply Depot  
  33  4:30  Marine  
  34  4:39  Marine  
  34  4:45  Stimpack  
  35  4:47  SCV  
  36  5:04  SCV x2  
  36  5:05  Siege Tank  
  36  5:07  Starport Tech Lab  
  41  5:10  Barracks Reactor  
  41  5:16  SCV  
  42  5:23  SCV  
  43  5:28  SCV  
  43  5:35  SCV, Supply Depot  
  42  5:56  Marine x4  
  32  6:11  Siege Tank  
  32  6:13  Banshee, Marine  
  32  6:14  Marine  
  35  6:53  Cloaking Field  
  35  6:57  Marine x2  
  37  7:06  Marine x2  
  39  7:08  Banshee  
  42  7:17  SCV  
  43  7:29  SCV  
  44  7:45  Siege Tank  
  47  7:51  Banshee  
  47  7:55  Marine x2  
  52  8:14  Marine  
  52  8:15  Marine  
  52  8:17  Siege Tank  
  57  8:23  Bunker  
  47  10:16  Marine x3  
  47  10:17  Banshee, Siege Tank  
  56  10:33  Starport  
  56  10:36  Fusion Core, Starport  
  56  10:59  Banshee, SCV  
  56  11:00  Supply Depot  
  60  11:07  Refinery  
  60  11:09  Refinery  
  60  11:11  SCV  
  61  11:15  Starport Tech Lab x2  
  61  11:23  SCV  
  62  11:35  SCV  
  63  11:47  SCV  
  63  11:51  Battlecruiser  
  70  12:09  Marine x4  
  74  12:27  Marine x4  
  67  12:44  Marine x4  
  50  12:58  Siege Tank  
  44  13:02  Marine  
  43  13:31  Marine  
  28  14:02  Marine x4  
  32  14:04  Siege Tank  
  35  14:19  Marine x2  
Tags
 
Add a new tag
Caveats
  • Supply blocks, unpowered buildings, or Contaminate may cause inaccurate times.
  • Supply counts are checked every 10 seconds.